 Dungeon Crawl Stone Soup version 0.28-a0-1555-g9ae15a6949 (webtiles) character file.

Game seed: 6020762603807970354

77 kae the Insei (level 4, -4/32 HPs)
             Began as a Demonspawn Transmuter on Jan 18, 2022.
             Slain by Sigmund (9 damage)
             ... on level 3 of the Dungeon.
             The game lasted 00:01:35 (2923 turns).

kae the Insei (Demonspawn Transmuter)               Turns: 2923, Time: 00:01:36

Health: -4/32      AC:  3    Str: 10    XL:     4   Next: 14%
Magic:  2/7        EV: 12    Int: 16    God:
Gold:   131        SH:  0    Dex: 14    Spells: 3/7 levels left

rFire   . . .      SeeInvis .     - Unarmed
rCold   . . .      Faith    .   (no shield)
rNeg    . . .      Spirit   .   a - +0 robe
rPois   .          Reflect  .   (no helmet)
rElec   .          Harm     .   (no cloak)
rCorr   .          Rampage  .   (no gloves)
Will    .....                   (no boots)
Stlth   +.........              (no amulet)
HPRegen 0.10/turn               (no ring)
MPRegen 0.10/turn               (no ring)

@: very slightly contaminated, hasted, very quick
A: sharp scales 1
a: no special abilities


You were on level 3 of the Dungeon.
You visited 1 branch of the dungeon, and saw 3 of its levels.

You collected 131 gold pieces.

Inventory:

Armour
 a - a +0 robe (worn)
Jewellery
 b - a ring of wizardry
 g - a ring of flight
 i - a +4 ring of evasion
Potions
 c - a potion of magic


   Skills:
 + Level 1.4 Fighting
 + Level 2.2 Dodging
 * Level 3.3 Unarmed Combat
 + Level 2.3 Spellcasting
 * Level 2.6 Transmutations
 * Level 0.5 Poison Magic


You had 3 spell levels left.
You knew the following spells:

 Your Spells              Type           Power      Damage    Failure   Level
a - Beastly Appendage     Tmut           20%        N/A       7%          1
b - Spider Form           Tmut/Pois      6%         N/A       30%         3

Your spell library contained the following spells:

 Spells                   Type           Power      Damage    Failure   Level
 Wereblood                Tmut           10%        N/A       11%         2
 Ice Form                 Ice/Tmut       6%         N/A       75%         4


Dungeon Overview and Level Annotations

Branches:
Dungeon (3/15)

Altars:

Annotations:
D:3 Sigmund


Innate Abilities, Weirdness & Mutations

You are partially covered in razor-sharp scales. (AC +1, Slay +1)


Message History

Sigmund casts a spell at you. The puff of flame hits you!
Casting: Spider Form (quite dangerous; 30% risk of failure)
Confirm with . or Enter, or press ? or * to list all spells.
You miscast Beastly Appendage.
Nothing appears to happen.
Sigmund barely misses you.
You hit Sigmund.
Sigmund is heavily wounded.
You completely miss Sigmund.
Sigmund is heavily wounded.
Sigmund zaps a wand.
You resist with some effort.
You barely miss Sigmund.
Sigmund is heavily wounded.
You closely miss Sigmund.
Sigmund is heavily wounded.
Sigmund mumbles some strange words.
Sigmund flickers and vanishes!
You miss something. Your punch misses something.
You hear a zap.
Something tries to affect you, but you resist.
You barely miss something. You hit something. Something barely misses you.
You closely miss something. You hit something. Something hits you.
You hit something but do no damage. You hit something. You miss something.
You hear some strange, mumbled words.
A puff of flame appears from out of thin air!
The puff of flame hits you!
You closely miss something.
You hear some strange, mumbled words.
Something tries to affect you, but you resist.
You miss something. You closely miss something. Something hits you!
* * * LOW HITPOINT WARNING * * *
You closely miss something. You hit something but do no damage.
You hit something but do no damage. Something hits you!
You die...

##..####{####
#..#
#...........#
#.##
#.....#####{###.#
#.....#.....##..#
#.....#.#####..##
......#.#รท..#.##
########.#.#...#
#
#......{.#.#####
#.##.########@#
#....#......{.#
##.....########
##.#### #. .. ###


There were no monsters in sight!

Vanquished Creatures
  2 adders (D:2)
  A worm (D:2)
  2 dart slugs
  4 ball pythons (D:1)
  2 endoplasms
  A giant cockroach (D:2)
  6 hobgoblins
  6 jackals
  3 kobolds
  A quokka (D:2)
  5 bats
  5 frilled lizards
  7 goblins
  4 rats
49 creatures vanquished.

Notes
Turn   | Place    | Note
-------+----------+-------------------------------------------
     0 | D:1      | kae the Demonspawn Transmuter began the quest for the Orb.
     0 | D:1      | Reached XP level 1. HP: 15/15 MP: 3/3
   120 | D:1      | Found a faded altar of an unknown god.
   556 | D:1      | Gained mutation: You are partially covered in razor-sharp
                  | scales. (AC +1, Slay +1) [demonic ancestry]
   556 | D:1      | Reached XP level 2. HP: 15/21 MP: 3/5
   779 | D:1      | Reached skill level 3 in Unarmed Combat
  1271 | D:1      | Reached XP level 3. HP: 26/26 MP: 4/6
  1489 | D:2      | Learned a level 3 spell: Spider Form
  2009 | D:2      | Reached XP level 4. HP: 30/32 MP: 5/7
  2622 | D:3      | Noticed Sigmund
  2923 | D:3      | Slain by Sigmund

Illustrated notes

Levels and vault maps discovered:
D:1:      dpeg_arrival_another_circle, layout_loops_ring,
          hellmonk_ecumenical_altar_pennies_from_heaven
D:2:      layout_basic
D:3:      layout_rooms, gammafunk_ghost_arena, serial_co_window_serial,
          co_window_paths_b, co_window_corner_a, co_window_paths_b,
          co_window_cross_1, co_window_paths_b, co_window_corner_a,
          co_window_paths_a, co_window_paths_b, co_window_paths_a,
          co_window_of_opportunity_b, co_window_broadway_a, co_window_2corner,
          glass_columns_b, glass_columns_a, glass_columns_a, glass_columns_c,
          glass_columns_a, serial_shops, nicolae_shop_trees, uniq_terence,
          uniq_robin, uniq_sigmund

Skill      XL: |  1  2 |
---------------+-------+-----
Transmutations | 2 |  2.6
Dodging        | 2 |  2.2
Unarmed Combat | 3 |  3.3
Fighting       | |  1.4
Spellcasting   | |  2.3
Poison Magic   | |  0.5

Action                   |  1- 3 |  4- 6 || total
-------------------------+-------+-------++-------
Melee: Unarmed           |   102 |    40 ||   142
       Headbutt          |    11 |     1 ||    12
       Kick              |    15 |     2 ||    17
       Punch             |     3 |     3 ||     6
 Cast: Beastly Appendage |    24 |     4 ||    28
  Use: Scroll            |       |     5 ||     5
       Potion            |       |     1 ||     1
 Stab: Sleeping          |     1 |       ||     1
Armor: Robe              |    28 |     6 ||    34
Dodge: Dodged            |    77 |    16 ||    93

Table legend: (Time is in decaauts)
 A = Elapsed time spent in this place.
 B = Non-inter-level travel time spent in this place.
 C = Inter-level travel time spent in this place.
 D = Time resting spent in this place.
 E = Time spent auto-exploring this place.
 F = Levels seen in this place.
 G = Mean time per level.
                   A        B        C        D        E       F      G
               +--------+--------+--------+--------+--------+-----+--------+
         Total |   2897 |   2796 |    101 |    147 |   2269 |   3 |  965.7 |
       Dungeon |   2897 |   2796 |    101 |    147 |   2269 |   3 |  965.7 |
               +--------+--------+--------+--------+--------+-----+--------+

Top non-repeatable levels by time:
     D:1: 1408 daAuts
     D:2: 1093 daAuts
     D:3: 394 daAuts
